 Dungeon Sprint DCSS version 0.22-a0-240-g539252a (webtiles) character file.

1088 Azzok the Severer (level 8, -1/133 HPs)
             Began as a Hill Orc Fire Elementalist on Feb 21, 2018.
             Slain by a deep elf knight
             ... wielding a +0 short sword
              (10 damage)
             ... in the Dungeon (Sprint V: "Ziggurat Sprint").
             The game lasted 00:02:23 (155 turns).

Azzok the Severer (Hill Orc Fire Elementalist)       Turns: 155, Time: 00:02:24

Health: -1/133     AC: 25    Str: 16    XL:     8   Next: 30%
Magic:  10/10      EV:  5    Int: 17    God:
Gold:   0          SH:  0    Dex: 23    Spells: 9/10 levels left

rFire    . . .     SeeInvis .   L - +5 executioner's axe
rCold    . . .     Gourm    .   (shield currently unavailable)
rNeg     . . .     Faith    .   J - +15 Maxwell's patent armour {-Cast -Tele rElec MR+ rCorr}
rPois    .         Spirit   .   (no helmet)
rElec    +         Reflect  .   (no cloak)
rCorr    +         Harm     .   (no gloves)
MR       +....     NoTele   +   (no boots) Stlth ..........NoCast +
                                (no amulet)
HPRegen  0.32/turn              A - +6 ring of dexterity
MPRegen  0.12/turn              B - +6 ring of dexterity

@: berserking (expiring), very quick
A: no striking features
a: no special abilities


You were in the Dungeon.
You were not hungry.

You visited 1 branch

Inventory:

Hand Weapons
 I - the +6 Majin-Bo {vamp, Archmagi MP+6 Int+6}
   (You found it in the Dungeon)

   It inflicts no extra harm, but heals its wielder when it wounds a living foe.
   It affects your intelligence (+6).
   It affects your magic capacity (+6).
 L - a +5 executioner's axe (weapon)
Armour
 a - a +0 robe
 i - +5 gold dragon scales
 J - the +15 Maxwell's patent armour (worn) {-Cast -Tele rElec MR+ rCorr}
   (You found it in the Dungeon)

   It insulates you from electricity.
   It affects your resistance to hostile enchantments.
   It prevents spellcasting.
   It prevents most forms of teleportation.
   It protects you from acid and corrosion.
 K - the +4 shield of Tiutwif {rCorr}
   (You found it in the Dungeon)

   It protects you from acid and corrosion.
Magical Staves
 y - an uncursed staff of energy
Jewellery
 A - a +6 ring of dexterity (left hand)
 B - a +6 ring of dexterity (right hand)
 C - a +6 ring of intelligence
 D - a +6 ring of intelligence
 E - a +6 ring of strength
 F - a +6 ring of strength
 H - an uncursed ring of flight
 N - the ring of Walynnaf {MR+ Str+4}
   (You found it in the Dungeon)

   [ring of protection from magic]

   It affects your strength (+4).
   It affects your resistance to hostile enchantments.
 O - the ring "Desiguss" {Str+4 Stlth+}
   (You found it in the Dungeon)

   [ring of stealth]

   It affects your strength (+4).
   It makes you more stealthy.
Wands
 v - a wand of disintegration (7)
 w - a wand of iceblast (7)
 x - a wand of acid (7)
Scrolls
 h - 4 scrolls of blinking
 p - 4 scrolls of amnesia
 q - 7 scrolls of fog
 r - a scroll of holy word
 s - 5 scrolls of identify
 t - 5 scrolls of remove curse
 u - 2 scrolls of fear
Potions
 c - 10 potions of curing
 d - 10 potions of heal wounds
 e - 6 potions of haste
 f - 7 potions of magic
 g - 2 potions of berserk rage
 j - 2 potions of brilliance
 k - 2 potions of invisibility
 l - 4 potions of resistance
 m - a potion of experience
 n - 4 potions of agility
 o - 4 potions of might
Miscellaneous
 z - a crystal ball of energy
 G - a lightning rod (4/4)
Comestibles
 b - 7 rations
 M - 9 chunks of flesh


   Skills:
 + Level 14.2 Fighting
 + Level 15.3 Axes
 - Level 1.5 Dodging
 - Level 1.5 Stealth
 - Level 1.5 Spellcasting
 - Level 1.0 Conjurations
 - Level 3.2 Fire Magic


You had 9 spell levels left.
You knew the following spells:

 Your Spells              Type           Power        Failure   Level  Hunger
a - Flame Tongue          Conj/Fire      #....        100%        1    ##.....


Dungeon Overview and Level Annotations

Branches:
Dungeon (1/1)

Altars:
Ashenzari
Cheibriados
Dithmenos
Elyvilon
Fedhas
Gozag
Hepliaklqana
Kikubaaqudgha
Makhleb
Nemelex Xobeh
Okawaru
Qazlal
Ru
Sif Muna
Trog
Uskayaw
Vehumet
Wu Jian
Xom
Yredelemnul
Zin
The Shining One
Beogh
Jiyva
Lugonu

Annotations:
D 1 transporter


Message History

The deep elf knight hits you but does no damage.
The deep elf knight hits you with a short sword!
* * * LOW HITPOINT WARNING * * *
The deep elf mage casts a spell at you. The bolt of lightning hits you!
You resist.
* * * LOW HITPOINT WARNING * * *
The deep elf knight hits you with a long sword of freezing!
* * * LOW HITPOINT WARNING * * *
The deep elf knight freezes you.
* * * LOW HITPOINT WARNING * * *
You are too berserk!
You closely miss the deep elf mage.
You completely miss the deep elf knight.
You slice the deep elf knight!!
You kill the deep elf knight!
Your Fighting skill gained 2 levels and is now at level 14!
Your Axes skill gained 2 levels and is now at level 15!
You have reached level 8!
The deep elf knight hits you with a short sword!
You die...

▓▓▓▓▓▓▓▓▓▓▓▓▓▓▓▓▓▓▓
▓·8©8·▓·8©8·▓·8©8·▓
▓··|[·▓··}··▓·····▓
▓··[··▓·····▓···}·▓
▓·§§··▓·····▓·))··▓
▓§·ee·▓·····▓·····▓
▓§)@)·▓·····▓··©··▓
▓··©··▓··©··▓▓▓▓▓▓▓
▓▓▓▓▓▓▓▓▓▓▓▓▓


You could see a deep elf knight and a deep elf mage.

Vanquished Creatures
  A deep elf knight (D)
  A deep elf mage (D)
  2 orc wizards (D)
  3 adders (D)
7 creatures vanquished.

Notes
Turn   | Place    | Note
-------+----------+-------------------------------------------
     0 | D        | Found the +6 Majin-Bo {vamp, Archmagi MP+6 Int+6}
     0 | D        | Found the +7 great mace "Firestarter" {inner flame, rF++}
     0 | D        | Azzok the Hill Orc Fire Elementalist began the quest for the Orb.
     0 | D        | Reached XP level 1. HP: 14/14 MP: 3/3
     2 | D        | Found a blossoming altar of Fedhas.
     7 | D        | Found a deep blue altar of Sif Muna.
     7 | D        | Found a sacrificial altar of Ru.
     7 | D        | Found a bloodstained altar of Trog.
     7 | D        | Found a stormy altar of Qazlal.
     7 | D        | Found an iron altar of Okawaru.
     7 | D        | Found a sparkling altar of Nemelex Xobeh.
     9 | D        | Found a transporter.
     9 | D        | Found an ancient bone altar of Kikubaaqudgha.
     9 | D        | Found a viscous altar of Jiyva.
     9 | D        | Found a corrupted altar of Lugonu.
     9 | D        | Found a hazy altar of Hepliaklqana.
     9 | D        | Found a burning altar of Makhleb.
     9 | D        | Found an opulent altar of Gozag.
    35 | D        | Found the +9 heavy crossbow "Sniper" {velocity, Acc+∞ SInv}
    35 | D        | Found the +10 dark maul {crush}
    35 | D        | Found the +15 Maxwell's patent armour {-Cast -Tele rElec MR+ rCorr}
    35 | D        | Found the cursed +14 obsidian axe {chop, +Fly SInv *Curse}
    35 | D        | Got the +4 shield of Tiutwif {rCorr}
    82 | D        | Entered arena 2.
    82 | D        | Noticed an orc wizard
    82 | D        | Noticed an orc wizard
    82 | D        | Found a transporter.
    84 | D        | Killed an orc wizard
    84 | D        | Reached skill level 4 in Axes
    84 | D        | Reached XP level 2. HP: 22/28 MP: 4/4
    85 | D        | Reached skill level 5 in Fighting
    85 | D        | Reached skill level 6 in Axes
    85 | D        | Reached XP level 3. HP: 30/37 MP: 5/5
    93 | D        | Got the ring of Walynnaf {MR+ Str+4}
   122 | D        | Entered arena 3.
   122 | D        | Found a transporter.
   125 | D        | Reached XP level 4. HP: 39/44 MP: 6/6
   125 | D        | Reached skill level 7 in Axes
   141 | D        | Got the Incunabulum of Burning Venom
   144 | D        | Got the ring "Desiguss" {Str+4 Stlth+}
   146 | D        | Entered arena 4.
   146 | D        | Noticed a deep elf knight
   146 | D        | Noticed a deep elf mage
   146 | D        | Noticed a deep elf knight
   146 | D        | Noticed a deep elf mage
   146 | D        | Found a transporter.
   152 | D        | Noticed a fire elemental
   154 | D        | Killed a deep elf mage
   154 | D        | Reached skill level 13 in Axes
   154 | D        | Reached XP level 5. HP: 26/63 MP: 7/7
   154 | D        | Reached XP level 6. HP: 30/71 MP: 8/8
   154 | D        | Reached XP level 7. HP: 33/78 MP: 9/9
   155 | D        | Killed a deep elf knight
   155 | D        | Reached skill level 15 in Axes
   155 | D        | Reached XP level 8. HP: 8/89 MP: 10/10
   155 | D        | Slain by a deep elf knight

Vault maps used:
D:        sprint_v

Skill      XL: |  1  2  3  4  5  6  7 |
---------------+----------------------+-----
Fighting       | 4 5 6 12 14 | 14.2
Axes           | 4 6 13 15 | 15.3
Dodging        | |  1.5
Stealth        | |  1.5
Spellcasting   | |  1.5
Conjurations   | |  1.0
Fire Magic     | |  3.2

Action                   |  1- 3 |  4- 6 |  7- 9 || total
-------------------------+-------+-------+-------++-------
Melee: Executioner's axe |     4 |     8 |     1 ||    13
  Use: Potion            |     2 |     1 |       ||     3
Armor: Plate armour      |     7 |    17 |     1 ||    25
Dodge: Dodged            |     1 |     1 |       ||     2

Table legend:
 A = Spawn XP
 B = Non-spawn XP
 C = Spawn XP percentage of total XP
 D = Spawn monster count
 E = Non-spawn monster count
 F = Spawn count percentage of total count
 G = Total turns spent on level
                    A         B        C        D         E        F      G
               +---------+---------+-------+---------+---------+-------+---------
         Total |       0 |    1555 |   0.0 |       0 |       7 |   0.0 |   155
               +---------+---------+-------+---------+---------+-------+---------
             D |       0 |    1555 |   0.0 |       0 |       7 |   0.0 |   155
               +---------+---------+-------+---------+---------+-------+---------
